 Dungeon Crawl Stone Soup version 0.21.1-1-g345015fe64 (webtiles) character file.

170 Jannitor the Sneak (level 5, -1/35 HPs)
             Began as a Demonspawn Enchanter on Apr 2, 2018.
             Slain by an ogre
             ... wielding a cursed -2 giant club
              (15 damage)
             ... on level 3 of the Dungeon.
             The game lasted 00:06:20 (3444 turns).

Jannitor the Sneak (Demonspawn Enchanter)           Turns: 3444, Time: 00:06:20

Health: -1/35      AC:  4    Str:  7    XL:     5   Next: 26%
Magic:  0/8        EV: 12    Int: 20    God:
Gold:   100        SH:  0    Dex: 13    Spells: 5/8 levels left

rFire    . . .     SeeInvis .   a - +1 dagger
rCold    . . .     Gourm    .   (no shield)
rNeg     . . .     Faith    .   b - +0 robe
rPois    .         Spirit   +   r - +0 helmet
rElec    .         Reflect  .   (no cloak)
rCorr    .         Harm     .   (no gloves)
MR       .....                  p - +0 pair of boots
Stlth    +++.......             (no amulet)
HPRegen  0.11/turn              g - +3 ring of intelligence
MPRegen  0.22/turn              s - ring of wizardry

@: no status effects
A: blink, weak 1, magic shield, magic regeneration, sturdy frame 1
a: Blink


You were on level 3 of the Dungeon.
You were not hungry.

You visited 1 branch of the dungeon, and saw 4 of its levels.

You collected 100 gold pieces.

Inventory:

Hand Weapons
 a - a +1 dagger (weapon)
Armour
 b - a +0 robe (worn)
 p - a +0 pair of boots (worn)
 r - a +0 helmet (worn)
Jewellery
 g - a +3 ring of intelligence (left hand)
 s - a ring of wizardry (right hand)
 u - a +4 ring of strength
 v - a +5 ring of protection {unknown}
Scrolls
 e - a scroll of fog {unknown}
 f - 3 scrolls of teleportation
 i - 3 scrolls of identify {unknown}
 j - a scroll of amnesia
 l - 2 scrolls of remove curse
 o - a scroll of enchant armour {unknown}
 q - a scroll of enchant weapon {unknown}
 t - a scroll of blinking {unknown}
Potions
 k - a potion of flight {unknown}
 m - 2 potions of curing
 n - 2 potions of ambrosia
Books
 c - a book of Maledictions

   Spells                             Type                      Level
   a - Corona                         Hexes                        1
   b - Ensorcelled Hibernation        Hexes/Ice                    2
   c - Confuse                        Hexes                        3
   d - Tukima's Dance                 Hexes                        3
   e - Dazzling Spray                 Conjuration/Hexes            3
Comestibles
 d - 5 rations


   Skills:
 + Level 2.5 Short Blades
 - Level 1.7 Dodging
 * Level 4.4 Stealth
 - Level 2.0 Spellcasting
 + Level 4.0 Hexes


You had 5 spell levels left.
You knew the following spells:

 Your Spells              Type           Power        Failure   Level  Hunger
a - Corona                Hex            ###....      1%          1    #......
b - Ensorcelled Hibernat  Hex/Ice        ##....       4%          2    ##.....


Dungeon Overview and Level Annotations

Branches:
Dungeon (4/15)
 Temple: D:4-7

Altars:
Nemelex Xobeh
Yredelemnul


Innate Abilities, Weirdness & Mutations

When hurt, damage is shared between your health and your magic reserves.
You regenerate magic rapidly.
Your movements are slightly less encumbered by armour. (ER -2)
You can translocate small distances at will.
You are weak. (Str -2)


Message History

Okay, then.
Unknown command.
Casting: Ensorcelled Hibernation
Confirm with . or Enter, or press ? or * to list all spells.
Okay, then.
Unknown command.
Unknown command.
Casting: Ensorcelled Hibernation
Confirm with . or Enter, or press ? or * to list all spells.
Aiming: Ensorcelled Hibernation
Press: ? - help, Shift-Dir - straight line, f - ogre
Aim: an ogre, wielding a giant club (almost dead, chance to defeat MR: 41%)
The ogre resists with some effort.
Casting: Ensorcelled Hibernation
Confirm with . or Enter, or press ? or * to list all spells.
Aiming: Ensorcelled Hibernation
Press: ? - help, Shift-Dir - straight line, f/p - ogre
Aim: an ogre, wielding a giant club (almost dead, chance to defeat MR: 41%)
The ogre resists with some effort.
The ogre hits you with a giant club!!
You die...

#.####.....###.# #.# #....
#.#..........#.# #.# #....
#.#.########.#.######.#####....
###.#.#
#...#.#.#..w.#..........
....#.#
#.#.#.....##.#######....
.(..#.#
#.#.#.....##.#######....
....#.#
#.#.#.....##.#<...>..#+#
....#.#
#.#.#.#.#.#...w......#.#
....#.#
#.#.#.#@#.##.#.......#.#
###.#.#
#.#.#.#O#.############.#
###.#.#
#.#.#.#>#..............#
..#.#.#
#.#.#.#.################
#.#.#.# #.#.#.#.# #.#.#.#
#.#.#.#.# #.#)#.####.#.#.#.#
#.#.#......#.#.#.#
#.#.########.#.#.# ##


You could see an ogre.

Vanquished Creatures
  An orc priest (D:4)
  A worker ant (D:4)
  2 iguanas
  A hound skeleton (D:3)
  An adder (D:4)
  An ooze (D:2)
  3 leopard geckos
  3 orcs (D:3)
  2 bats
  4 giant cockroaches
  2 goblins
  3 hobgoblins
  2 jackals (D:3)
  2 kobolds (D:3)
  A quokka (D:4)
  A ball python (D:1)
  2 frilled lizards
  3 rats (D:3)
  A spectral orc (D:2)
36 creatures vanquished.

Notes
Turn   | Place    | Note
-------+----------+-------------------------------------------
     0 | D:1      | Jannitor the Demonspawn Enchanter began the quest for the Orb.
     0 | D:1      | Reached XP level 1. HP: 13/13 MP: 3/3
   127 | D:1      | Reached skill level 1 in Short Blades
   690 | D:2      | Found a basalt altar of Yredelemnul.
   985 | D:2      | Gained mutation: Your movements are slightly less encumbered by armour. (ER -2) [demonic ancestry]
   985 | D:2      | Reached XP level 2. HP: 19/19 MP: 5/5
   989 | D:2      | Learned a level 2 spell: Ensorcelled Hibernation
  1662 | D:3      | Found a sparkling altar of Nemelex Xobeh.
  1747 | D:3      | Gained mutation: When hurt, damage is shared between your health and your magic reserves. [demonic ancestry]
  1747 | D:3      | Reached XP level 3. HP: 19/24 MP: 2/6
  2303 | D:3      | Gained mutation: You occasionally shout uncontrollably at your foes. [potion of mutation]
  2303 | D:3      | Gained mutation: Your flesh is cold resistant. (rC+) [potion of mutation]
  2484 | D:3      | Reached XP level 4. HP: 24/30 MP: 5/7
  2485 | D:3      | Lost mutation: Your flesh is cold resistant. (rC+) [potion of mutation]
  2485 | D:3      | Lost mutation: You occasionally shout uncontrollably at your foes. [potion of mutation]
  2485 | D:3      | Gained mutation: You tend to lose your temper in combat. [potion of mutation]
  2485 | D:3      | Gained mutation: Potions are less effective at restoring your health. [potion of mutation]
  2485 | D:3      | Gained mutation: You are agile. (Dex +2) [potion of mutation]
  2985 | D:3      | Lost mutation: You are agile. (Dex +2) [potion of mutation]
  2985 | D:3      | Lost mutation: You tend to lose your temper in combat. [potion of mutation]
  2985 | D:3      | Lost mutation: Potions are less effective at restoring your health. [potion of mutation]
  2985 | D:3      | Gained mutation: You are weak. (Str -2) [potion of mutation]
  2985 | D:3      | Gained mutation: You can translocate small distances at will. [potion of mutation]
  3395 | D:4      | Gained mutation: You regenerate magic rapidly. [demonic ancestry]
  3395 | D:4      | Reached XP level 5. HP: 35/35 MP: 5/8
  3415 | D:4      | Noticed an ogre
  3444 | D:3      | Slain by an ogre

Skill      XL: |  1  2  3  4  5 |
---------------+----------------+-----
Short Blades   | 1 2 |  2.5
Stealth        | 3 4 |  4.4
Hexes          | 4 |  4.0
Dodging        | |  1.7
Spellcasting   | |  2.0

Action                   |  1- 3 |  4- 6 || total
-------------------------+-------+-------++-------
Melee: Dagger            |   118 |    46 ||   164
 Cast: Ensorcelled Hiber |     4 |    10 ||    14
       Corona            |     1 |       ||     1
  Use: Scroll            |     3 |       ||     3
       Potion            |     6 |     2 ||     8
 Stab: Sleeping          |    11 |     6 ||    17
       Distracted        |     1 |       ||     1
  Eat: Ration            |     1 |       ||     1
       Chunk             |     2 |     3 ||     5
Armor: Robe              |    27 |     3 ||    30
Dodge: Dodged            |    67 |    30 ||    97
